 Dungeon Crawl Stone Soup version 0.21.1-1-g345015fe64 (webtiles) character file.

3133 Jannitor the Sneak (level 9, -1/62 HPs)
             Began as a Demonspawn Enchanter on June 12, 2018.
             Was a Believer of Uskayaw.
             Slain by an ogre
             ... wielding a +0 giant club
              (15 damage)
             ... on level 10 of the Dungeon.
             The game lasted 00:21:42 (11036 turns).

Jannitor the Sneak (Demonspawn Enchanter)          Turns: 11036, Time: 00:21:43

Health: -1/62      AC: 13    Str:  8    XL:     9   Next: 61%
Magic:  15/16      EV: 10    Int: 20    God:    Uskayaw [**....]
Gold:   64         SH:  0    Dex: 14    Spells: 8/17 levels left

rFire    . . .     SeeInvis .   o - +1 short sword (venom)
rCold    + . .     Gourm    .   (no shield)
rNeg     . . .     Faith    .   q - +3 acid dragon scales
rPois    .         Spirit   .   (helmet restricted)
rElec    .         Reflect  .   (no cloak)
rCorr    +         Harm     .   (no gloves)
MR       .....                  h - +2 pair of boots
Stlth    +++.......             n - amulet of regeneration
HPRegen  0.60/turn              p - ring of protection from cold
MPRegen  0.15/turn              (no ring)

@: heavily drained
A: antennae 1, claws 2, talons 2, powered by death 1
a: Stomp, Line Pass, Renounce Religion


You were on level 10 of the Dungeon.
You worshipped Uskayaw.
Uskayaw was noncommittal.
You were not hungry.

You visited 1 branch of the dungeon, and saw 10 of its levels.
You also visited: Sewer and Ossuary.

You collected 471 gold pieces.
You spent 407 gold pieces at shops.

Inventory:

Hand Weapons
 a - a +2 dagger
 o - a +1 short sword of venom (weapon)
 y - the cursed +1 short sword of Tension {pain, rPois rC+ Dex+3}
   (You found it on level 4 of the Dungeon)

   In the hands of one skilled in necromantic magic, it inflicts extra damage on
   living creatures.
   It affects your dexterity (+3).
   It protects you from cold.
   It protects you from poison.
   It has a curse placed upon it.
 F - a +0 blowgun
Missiles
 m - 5 needles of confusion
Armour
 b - a +0 robe
 h - a +2 pair of boots (worn)
 q - +3 acid dragon scales (worn)
Jewellery
 n - an amulet of regeneration (around neck)
 p - a ring of protection from cold (left claw)
Wands
 w - a wand of acid (1)
Scrolls
 f - 2 scrolls of teleportation
 g - 3 scrolls of enchant weapon
 i - a scroll of amnesia
 k - 2 scrolls of blinking
 r - a scroll of fear
 s - a scroll of identify
 A - 2 scrolls of magic mapping
 C - 2 scrolls of remove curse
Potions
 e - 3 potions of magic
 j - 7 potions of curing
 l - a potion of brilliance
 t - 2 potions of lignification
 u - 3 potions of flight
 v - a potion of heal wounds
 x - a potion of mutation
 z - 2 potions of haste
 B - a potion of berserk rage
 D - a potion of cancellation
 H - a potion of invisibility
 I - a potion of resistance
Books
 c - a book of Maledictions

   Spells                             Type                      Level
   a - Corona                         Hexes                        1
   b - Ensorcelled Hibernation        Hexes/Ice                    2
   c - Confuse                        Hexes                        3
   d - Tukima's Dance                 Hexes                        3
   e - Dazzling Spray                 Conjuration/Hexes            3
Comestibles
 d - 10 rations


   Skills:
 + Level 2.5(0.8) Fighting
 + Level 4.3(2.5) Short Blades
 * Level 5.8(3.9) Armour
 - Level 2.2(0.5) Dodging
 * Level 7.0(5.0) Stealth
 + Level 4.8(3.0) Spellcasting
 + Level 5.6(3.7) Hexes
 + Level 5.2(3.3) Invocations


You had 8 spell levels left.
You knew the following spells:

 Your Spells              Type           Power        Failure   Level  Hunger
a - Corona                Hex            ###....      4%          1    None
b - Ensorcelled Hibernat  Hex/Ice        ##....       17%         2    ##.....
c - Confuse               Hex            ###.....     16%         3    ###....
d - Tukima's Dance        Hex            ###.....     16%         3    ###....


Dungeon Overview and Level Annotations

Branches:
Dungeon (10/15)            Temple (0/1) D:5             Orc (0/2) D:9
   Lair: D:8-11

Altars:
Cheibriados
Gozag
Hepliaklqana
Makhleb
Nemelex Xobeh
Sif Muna
Trog
Uskayaw
Yredelemnul
Zin
The Shining One
Jiyva

Shops:
D:8 !!   D:9 %   D:10 [

Annotations:
D:7 1 runed door
D:8 1 transporter
D:10 exclusions: centaur and ugly thing


Innate Abilities, Weirdness & Mutations

You have a pair of small antennae on your head.
You have very sharp fingernails.
You have razor-sharp toenails.
You regenerate a little health from kills.


Message History

The ogre hits you but does no damage.
The howler monkey hoots and howls with incredible vigour!
You hit the howler monkey.
The howler monkey looks as sick as possible!
The howler monkey is almost dead.
You kill the howler monkey!
Your base Stealth skill increases to level 7!
The ogre hits you with a giant club!
The ice beast hits you but does no damage.
You can now pass through a line of other dancers.
You barely miss the ogre. The ice beast closely misses you.
The ogre hits you with a giant club!!
* * * LOW HITPOINT WARNING * * *
Unknown command.
The troll seems less confused.
The ice beast closely misses you.
You feel much better. The ice beast hits you. The ice beast freezes you.
You resist.
* * * LOW HITPOINT WARNING * * *
The ogre hits you with a giant club!
You die...

#..........
#..........
#.∩........
.<...T....
#.........
##.....$..#
#†.........
#OY........
#@.........
#<.........
#..........
##........#
##......##
########


You could see a troll, an ice beast and an ogre.

Vanquished Creatures
  A water moccasin (D:6)
  An orc warrior (D:9)
  A sky beast (D:5)
  A black bear (D:9)
  2 ogres (D:5)
  2 phantoms
  2 centaurs
  A big kobold (Sewer)
  5 bullfrogs
  A gnoll sergeant (D:5)
  3 scorpions
  4 wights
  3 howler monkeys
  5 crimson imps
  A jelly (D:5)
  A centaur zombie (Ossuary)
  3 hounds
  2 orc priests
  5 orc wizards
  2 bullfrog skeletons (D:8)
  An iron imp (D:5)
  9 worker ants
  2 big kobold zombies (Ossuary)
  A hound zombie (D:6)
  4 mummies (Ossuary)
  2 howler monkey zombies (D:6)
  2 worker ant zombies (D:8)
  14 adders
  12 gnolls
  A river rat (Sewer)
  5 shadow imps
  An ooze (D:5)
  An adder skeleton (D:4)
  A worm (D:2)
  A dart slug (D:1)
  7 leopard geckos
  17 orcs
  3 giant cockroaches
  7 hobgoblins
  3 quokkas
  4 ball pythons
  7 bats
  5 frilled lizards
  3 gnoll zombies (Ossuary)
  A goblin (D:2)
  A goblin zombie (Ossuary)
  A jackal skeleton (D:5)
  12 kobolds
  An orc zombie (Ossuary)
  A quokka skeleton (D:9)
  19 rats
195 creatures vanquished.

Notes
Turn   | Place    | Note
-------+----------+-------------------------------------------
     0 | D:1      | Jannitor the Demonspawn Enchanter began the quest for the Orb.
     0 | D:1      | Reached XP level 1. HP: 13/13 MP: 3/3
   178 | D:1      | Reached skill level 1 in Short Blades
   966 | D:1      | Gained mutation: You regenerate a little health from kills. [demonic ancestry]
   966 | D:1      | Reached XP level 2. HP: 11/19 MP: 3/5
  1101 | D:1      | Learned a level 2 spell: Ensorcelled Hibernation
  1747 | D:2      | Reached skill level 3 in Stealth
  1804 | D:2      | Gained mutation: You have sharp fingernails. [demonic ancestry]
  1804 | D:2      | Reached XP level 3. HP: 21/24 MP: 6/6
  1813 | D:2      | Found a basalt altar of Yredelemnul.
  2663 | D:2      | Found a glowing golden altar of the Shining One.
  3095 | D:3      | Found an opulent altar of Gozag.
  3099 | D:3      | Found a burning altar of Makhleb.
  3099 | D:3      | Found a hide-covered altar of Uskayaw.
  3099 | D:3      | Found a bloodstained altar of Trog.
  3121 | D:3      | Became a worshipper of Uskayaw the Reveler
  3168 | D:3      | Found a deep blue altar of Sif Muna.
  3302 | D:3      | Reached * piety under Uskayaw
  3310 | D:3      | Gained mutation: You have a pair of small antennae on your head. [demonic ancestry]
  3310 | D:3      | Reached XP level 4. HP: 30/30 MP: 7/7
  3609 | D:3      | Found a bloodstained altar of Trog.
  3805 | D:4      | Reached skill level 1 in Armour
  3830 | D:4      | Found a glowing drain.
  3845 | Sewer    | Entered a sewer
  3892 | Sewer    | Reached ** piety under Uskayaw
  3910 | Sewer    | Noticed a big kobold
  3945 | Sewer    | Killed a big kobold
  3945 | Sewer    | Gained mutation: You have sharp toenails. [demonic ancestry]
  3945 | Sewer    | Reached XP level 5. HP: 31/35 MP: 5/9
  4331 | D:4      | Found a glowing silver altar of Zin.
  4357 | D:4      | Found a hazy altar of Hepliaklqana.
  4443 | D:4      | Reached XP level 6. HP: 31/41 MP: 10/10
  4464 | D:4      | Reached skill level 1 in Invocations
  4623 | D:4      | Reached skill level 4 in Stealth
  4662 | D:4      | Got an iridescent short sword
  4663 | D:4      | Identified the cursed +1 short sword of Tension {pain, rPois rC+ Dex+3} (You found it on level 4 of the Dungeon)
  5145 | D:5      | Entered Level 5 of the Dungeon
  5152 | D:5      | Gained mutation: You have razor-sharp toenails. [demonic ancestry]
  5152 | D:5      | Reached XP level 7. HP: 46/46 MP: 11/11
  5169 | D:5      | Found a snail-covered altar of Cheibriados.
  5198 | D:5      | Found a hazy altar of Hepliaklqana.
  5204 | D:5      | Found a staircase to the Ecumenical Temple.
  5240 | D:5      | Found a sand-covered staircase.
  5245 | Ossuary  | Entered an ossuary
  5317 | Ossuary  | Reached *** piety under Uskayaw
  5860 | D:5      | Learned a level 3 spell: Confuse
  5888 | D:5      | Reached skill level 5 in Stealth
  5902 | D:5      | Reached XP level 8. HP: 36/52 MP: 9/13
  6031 | D:5      | Reached **** piety under Uskayaw
  6838 | D:5      | Learned a level 3 spell: Tukima's Dance
  7006 | D:6      | Reached skill level 5 in Hexes
  7049 | D:6      | Reached skill level 6 in Stealth
  7152 | D:6      | Reached skill level 1 in Fighting
  7431 | D:6      | Reached skill level 5 in Armour
  7843 | D:7      | Found a runed door.
  7951 | D:7      | Gained mutation: You have very sharp fingernails. [demonic ancestry]
  7951 | D:7      | Reached XP level 9. HP: 56/59 MP: 15/15
  8687 | D:8      | Found Minteor's Distillery.
  8696 | D:8      | Bought a potion of heal wounds for 55 gold pieces
  8696 | D:8      | Bought a potion of haste for 110 gold pieces
  8696 | D:8      | Bought a potion of might for 44 gold pieces
  8696 | D:8      | Bought a potion of invisibility for 88 gold pieces
  8696 | D:8      | Bought a potion of resistance for 110 gold pieces
  8719 | D:8      | Found Liefeore's Distillery.
  8928 | D:8      | Found a transporter.
  8932 | D:8      | Found a viscous altar of Jiyva.
  9711 | D:9      | Found a sparkling altar of Nemelex Xobeh.
  9746 | D:9      | Noticed a two-headed ogre
  9923 | D:9      | Reached skill level 5 in Invocations
 10088 | D:9      | Noticed a two-headed ogre
 10587 | D:9      | Found a staircase to the Orcish Mines.
 10609 | D:9      | Found Etwanun's Food Emporium.
 10871 | D:10     | Entered Level 10 of the Dungeon
 10871 | D:10     | Noticed a green ugly thing
 10901 | D:10     | Found Owuif's Antique Armour Shoppe.
 10910 | D:10     | Noticed a troll
 11033 | D:10     | Reached skill level 7 in Stealth
 11036 | D:10     | Slain by an ogre

Skill      XL: |  1  2  3  4  5  6  7  8  9 |
---------------+----------------------------+-----
Short Blades   | 1 2 3 4 |  4.3
Dodging        | 2 |  2.2
Stealth        | 3 4 5 6 7 |  7.0
Armour         | 1 2 3 5 |  5.8
Spellcasting   | 3 4 |  4.8
Hexes          | 4 5 |  5.6
Invocations    | 1 3 4 5 |  5.2
Fighting       | 1 2 |  2.5

Action                   |  1- 3 |  4- 6 |  7- 9 || total
-------------------------+-------+-------+-------++-------
Melee: Dagger            |   161 |   154 |       ||   315
       Short sword       |       |   119 |   796 ||   915
 Cast: Corona            |     7 |       |       ||     7
       Ensorcelled Hiber |     3 |    10 |     5 ||    18
       Confuse           |       |       |    16 ||    16
Invok: Line Pass         |       |       |     1 ||     1
Evoke: Wand              |       |       |     4 ||     4
  Use: Scroll            |       |    10 |    15 ||    25
       Potion            |       |       |     9 ||     9
 Stab: Sleeping          |    13 |    11 |     5 ||    29
       Paralysed         |       |       |     8 ||     8
       Distracted        |       |       |     1 ||     1
       Invisible         |       |       |     3 ||     3
  Eat: Chunk             |     7 |     7 |    14 ||    28
       Ration            |       |       |     3 ||     3
Armor: Robe              |    46 |       |       ||    46
       Acid dragon scale |     4 |   108 |   318 ||   430
       Skin              |       |       |     8 ||     8
Dodge: Dodged            |   109 |   132 |   404 ||   645
